 Dungeon Crawl Stone Soup version 0.27-a0-1555-g0e7b3fb1d2 (webtiles) character file.

Game seed: 13696013736298508966

818 blackman the Archer (level 8, -1/58 HPs)
             Began as a Human Wanderer on July 14, 2021.
             Slain by an ice beast (14 damage)
             ... on level 6 of the Dungeon.
             The game lasted 00:16:28 (8303 turns).

blackman the Archer (Human Wanderer)                Turns: 8303, Time: 00:16:29

Health: -1/58      AC: 11    Str: 12    XL:     8   Next: 16%
Magic:  8/8        EV:  2    Int: 13    God:
Gold:   181        SH:  0    Dex: 15    Spells: 7/7 levels left

rFire    . . .     SeeInvis .   b - +0 dagger (venom)
rCold    . . .     Faith    .   (no shield)
rNeg     . . .     Spirit   .   q - +0 plate armour
rPois    .         Reflect  .   (no helmet)
rElec    .         Harm     .   (no cloak)
rCorr    .         Rampage  .   o - +0 pair of gloves
Will     .....                  (no boots)
Stlth    ..........             (no amulet)
HPRegen  0.19/turn              (no ring)
MPRegen  0.11/turn              (no ring)

@: no status effects
A: no striking features
a: no special abilities


You were on level 6 of the Dungeon.
You visited 1 branch of the dungeon, and saw 7 of its levels.

You collected 241 gold pieces.
You spent 60 gold pieces at shops.

Inventory:

Hand Weapons
 a - a +2 shortbow
 b - a +0 dagger of venom (weapon)
Armour
 c - a +0 robe
 d - a +0 cloak
 f - a +0 ring mail
 o - a +0 pair of gloves (worn)
 q - a +0 plate armour (worn)
Scrolls
 g - a scroll of identify
 h - 2 scrolls of enchant weapon
 i - a scroll of amnesia
 k - a scroll of enchant armour
 r - a scroll of summoning
 t - a scroll of blinking
 w - a scroll of torment
Potions
 e - 2 potions of curing {unknown}
 j - a potion of magic {unknown}
 l - a potion of berserk rage {unknown}
 m - a potion of mutation {unknown}
 n - a potion of cancellation {unknown}
 p - a potion of heal wounds {unknown}
 s - a potion of ambrosia {unknown}
 u - a potion of attraction {unknown}
 v - 3 potions of degeneration {unknown}
 x - 2 potions of resistance {unknown}


   Skills:
 - Level 3.0 Fighting
 + Level 9.2 Bows
 - Level 1.0 Throwing
 - Level 2.0 Armour
 - Level 1.0 Shields


You had 7 spell levels left.
You didn't know any spells.
Your spell library contained the following spells:

 Spells                   Type           Power      Damage    Failure   Level
 Foxfire                  Conj/Fire      0%         2x1d4     100%        1
 Freeze                   Ice            0%         1d3       100%        1
 Summon Small Mammal      Summ           0%         N/A       100%        1
 Poisonous Vapours        Pois/Air       0%         N/A       100%        2
 Slow                     Hex            0%         N/A       100%        2
 Sublimation of Blood     Necr           0%         N/A       100%        2
 Wereblood                Tmut           0%         N/A       100%        2
 Call Canine Familiar     Summ           0%         N/A       100%        3
 Confusing Touch          Hex            0%         N/A       100%        3
 Conjure Flame            Conj/Fire      0%         6-21      100%        3
 Dazzling Flash           Conj/Hex       0%         N/A       100%        3
 Frozen Ramparts          Ice            0%         1d2       100%        3
 Inner Flame              Hex/Fire       0%         N/A       100%        3
 Mephitic Cloud           Conj/Pois/Air  0%         N/A       100%        3
 Ozocubu's Armour         Ice            0%         N/A       100%        3
 Summon Guardian Golem    Hex/Summ       0%         N/A       100%        3
 Iskenderun's Mystic Bla  Conj/Tloc      0%         2d3       100%        4
 Petrify                  Tmut/Erth      0%         N/A       100%        4
 Freezing Cloud           Conj/Ice/Air   0%         6-21      100%        5
 Irradiate                Conj/Tmut      0%         3d14      100%        5
 Yara's Violent Unravell  Hex/Tmut       0%         3d3       100%        5
 Starburst                Conj/Fire      0%         8x6d3     100%        6
 Summon Hydra             Summ           0%         N/A       100%        7


Dungeon Overview and Level Annotations

Branches:
Dungeon (7/15)
 Temple: D:4-7

Altars:
Vehumet
Xom
Zin
The Shining One

Shops:
D:5 ?

Annotations:
D:4 1 runed translucent door, Crazy Yiuf
D:6 Grinder


Message History

Aim: an orc priest, wielding a +0 club and wearing a +0 scale mail (almost dead, very poisoned, 68% to hit)
You shoot an arrow. The arrow barely misses the orc.
The arrow barely misses the ice beast.
The arrow hits the orc priest.
You kill the orc priest!
The orc barely misses you.
There is a stone staircase leading up here.
The ice beast hits you but does no damage.
You climb upwards.
Level annotation: Grinder
There is a stone staircase leading down here.
Your +0 dagger of venom begins to drip with poison!
b - a +0 dagger of venom (weapon)
You barely miss the ice beast.
The ice beast hits you but does no damage.
You closely miss the ice beast.
The ice beast hits you but does no damage.
You closely miss the ice beast.
The ice beast hits you but does no damage.
You hit the ice beast.
The ice beast is lightly wounded.
The ice beast hits you. The ice beast freezes you!
You hit the ice beast but do no damage.
The ice beast is lightly wounded.
The ice beast completely misses you.
Your plate armour prevents you from hitting the ice beast.
The ice beast is lightly wounded.
The ice beast hits you but does no damage.
You completely miss the ice beast.
The ice beast is lightly wounded.
The ice beast hits you but does no damage.
You hit the ice beast but do no damage.
The ice beast is lightly wounded.
The ice beast hits you. The ice beast freezes you!
* * * LOW HITPOINT WARNING * * *
You hit the ice beast.
The ice beast is lightly wounded.
The ice beast hits you.
* * * LOW HITPOINT WARNING * * *
The ice beast freezes you!
You die...

## #.# #.# .### #.# #.# ...# #.#
#.# .#.###.# #.#
#...##.######### #.#
..#............# #.#
#...##..######.#####.##
........###.....Y.....#########
##..............@.............#
#.####.###.##.#####..#######.###
#.# #†# #.##.# #..# #.... ##.#
#.# #.##.# .....# #####
...####.# #..... ..#...# #.
........# #.......##.... ...
...####.# ####+''# ##.### #.#.
.### #.# .. #.# #.## .# #.# #


You could see an ice beast.

Vanquished Creatures
  2 ice beasts (D:6)
  2 necrophages
  A scorpion (D:4)
  A hound (D:4)
  A jelly (D:5)
  A bullfrog skeleton (D:7)
  2 orc priests
  A gnoll shaman (D:6)
  An orc wizard (D:6)
  A hound skeleton (D:3)
  3 gnolls (D:6)
  5 adders
  4 worms
  4 dart slugs
  7 orcs
  7 ball pythons
  7 endoplasms
  3 giant cockroaches (D:1)
  12 goblins
  9 hobgoblins
  2 jackals (D:1)
  A quokka (D:1)
  A bat (D:1)
  6 frilled lizards
  15 kobolds
  8 rats
107 creatures vanquished.

Vanquished Creatures (others)
  An adder (D:3)
  9 toadstools (D:6)
10 creatures vanquished.

Grand Total: 117 creatures vanquished

Notes
Turn   | Place    | Note
-------+----------+-------------------------------------------
     0 | D:1      | blackman the Human Wanderer began the quest for the Orb.
     0 | D:1      | blackman set off with the following items: a +2 shortbow,
                  | 23 arrows, a +0 robe; and the following spells available to
                  | memorise: Freeze, Frozen Ramparts, Ozocubu's Armour
     0 | D:1      | Reached XP level 1. HP: 18/18 MP: 1/1
     8 | D:1      | Noticed an electric eel
   111 | D:1      | Reached XP level 2. HP: 21/24 MP: 2/2
   267 | D:1      | Reached skill level 4 in Bows
   267 | D:1      | Reached XP level 3. HP: 29/29 MP: 3/3
  1100 | D:2      | Reached XP level 4. HP: 35/35 MP: 4/4
  1141 | D:2      | Found a faded altar of an unknown god.
  1672 | D:2      | Reached skill level 5 in Bows
  2603 | D:3      | Reached XP level 5. HP: 41/41 MP: 5/5
  2609 | D:3      | Found a glowing silver altar of Zin.
  2609 | D:3      | Found a shimmering altar of Xom.
  2609 | D:3      | Noticed an angel
  3256 | D:4      | Identified the +1 chain mail "Duog" {rN+}
  3618 | D:4      | Reached skill level 6 in Bows
  3618 | D:4      | Reached XP level 6. HP: 47/47 MP: 6/6
  3872 | D:4      | Found a runed translucent door.
  3873 | D:4      | Noticed Crazy Yiuf
  4007 | D:4      | Found a radiant altar of Vehumet.
  4299 | D:5      | Entered Level 5 of the Dungeon
  4498 | D:5      | Noticed a necrophage
  4513 | D:5      | Killed a necrophage
  4514 | D:5      | Reached skill level 7 in Bows
  4514 | D:5      | Reached XP level 7. HP: 42/52 MP: 7/7
  5051 | D:5      | Found a glowing golden altar of the Shining One.
  5186 | D:5      | Found Faimunn's Magic Scroll Shop.
  5189 | D:5      | Bought a scroll of identify for 20 gold pieces
  5189 | D:5      | Bought a scroll of identify for 20 gold pieces
  5191 | D:5      | Bought a scroll of identify for 20 gold pieces
  5446 | D:6      | Identified the +1 ring mail "Hiafog" {rPois rF++ rC++}
  6711 | D:6      | Reached skill level 8 in Bows
  7029 | D:6      | Noticed Grinder
  7048 | D:6      | Paralysed by Grinder for 3 turns
  7059 | D:6      | Paralysed by Grinder for 4 turns
  7179 | D:6      | Reached XP level 8. HP: 58/58 MP: 8/8
  7211 | D:6      | Reached skill level 9 in Bows
  8303 | D:6      | Slain by an ice beast

Illustrated notes

Levels and vault maps discovered:
D:1:      arrival_aquarium_a, layout_basic, st_stairs_4, minmay_domino_4
D:2:      layout_loops_ring, shapermc_ecumenical_altar_mp_highgroup,
          ebering_dispersal_statue_hall, amcnicky_mini_pool_small,
          minmay_misc_feat_pillars, minmay_puff
D:3:      layout_loops_ring, grunt_temple_overflow_order_and_chaos_1
D:4:      layout_loops_ring, mainiacjoe_overflow_cross_hatched,
          uniq_crazy_yiuf_cottage
D:5:      layout_basic, lemuel_doored_altar, serial_rivers,
          chequers_serial_rivers_room_a, chequers_serial_rivers_large_b,
          chequers_serial_rivers_room_a, chequers_serial_rivers_large_a,
          chequers_serial_rivers_micro_c, chequers_serial_rivers_micro_e,
          serial_shops, nicolae_shop_trees
D:6:      cheibrodos_fertilizer, layout_loops_ring, uniq_grinder
D:7:      layout_loops_cross, amethyst_overflow_temple_binary, temple_doors_cd,
          minmay_tree_intersection

Skill      XL: |  1  2  3  4  5  6  7  8 |
---------------+-------------------------+-----
Bows           | 4 5 6 7 8 9 |  9.2
Fighting       | |  3.0
Throwing       | |  1.0
Armour         | |  2.0
Shields        | |  1.0

Action                   |  1- 3 |  4- 6 |  7- 9 || total
-------------------------+-------+-------+-------++-------
Melee: Dagger            |    29 |    21 |    36 ||    86
 Fire: Shortbow          |    77 |   116 |    91 ||   284
  Use: Scroll            |       |     4 |     6 ||    10
Armor: Ring mail         |    13 |     5 |       ||    18
       Plate armour      |       |    19 |    71 ||    90
Dodge: Dodged            |    17 |    11 |     8 ||    36

Table legend: (Time is in decaauts)
 A = Elapsed time spent in this place.
 B = Non-inter-level travel time spent in this place.
 C = Inter-level travel time spent in this place.
 D = Time resting spent in this place.
 E = Time spent auto-exploring this place.
 F = Levels seen in this place.
 G = Mean time per level.
                   A        B        C        D        E       F      G
               +--------+--------+--------+--------+--------+-----+--------+
         Total |   8322 |   7642 |    680 |   2253 |   4458 |   7 | 1188.9 |
       Dungeon |   8322 |   7642 |    680 |   2253 |   4458 |   7 | 1188.9 |
               +--------+--------+--------+--------+--------+-----+--------+

Top non-repeatable levels by time:
     D:6: 1915 daAuts
     D:5: 1423 daAuts
     D:2: 1405 daAuts
     D:4: 1115 daAuts
     D:1: 987 daAuts
     D:3: 786 daAuts
     D:7: 688 daAuts
